 Dungeon Crawl Stone Soup version 0.31.0-9-g3a7656b989 (webtiles) character file.

Game seed: 2147237790274461334

7023 Chiseanne the Fighter (level 10, -1/82 HPs)
             Began as a Demonspawn Shapeshifter on Feb 3, 2024.
             Was an Initiate of Gozag.
             Slain by a red ugly thing (15 damage)
             ... on level 11 of the Dungeon.
             The game lasted 00:32:52 (9778 turns).

Chiseanne the Fighter (Demonspawn Shapeshifter)     Turns: 9778, Time: 00:32:53

Health: -1/82      AC: 20    Str: 17    XL:     10   Next: 82%
Magic:  10/10      EV:  7    Int: 11    God:    Gozag
Gold:   24         SH:  6    Dex: 26    Spells: 9/9 levels left

rFire   . .          .
                       - Unarmed
rCold   + . .        (no shield)
rNeg    . . .        W - +7 plate armour of Insecurity {-Tele Regen+ rCorr Stlth+}
rPois   .            (helmet currently unavailable)
rElec   .            (cloak currently unavailable)
rCorr   +            (gloves currently unavailable)
SInv    +            (boots currently unavailable)
Will    .....        k - amulet of regeneration Stlth
                     A - +6 ring of dexterity
HPRegen 1.93/turn    j - ring of Vaneshriq {Dex+6 Slay+2 SInv}
MPRegen 0.12/turn

%: no teleportation
@: beast-form, studying Translocations
A: beast (slay +4), antennae 2, large bone plates 2, powered by pain 2,
condensation shield, cold resistance 1, screaming 1
a: Begin Untransformation, Renounce Religion, Potion Petition, Call Merchant,
Bribe Branch


You were on level 11 of the Dungeon.
You worshipped Gozag.
Gozag was noncommittal.
You were a hulking beast.
You visited 1 branch of the dungeon, and saw 11 of its levels.

You collected 2457 gold pieces.
You spent 1626 gold pieces at shops.
You paid 807 gold pieces to Gozag.

Inventory:

Hand Weapons
 a - a +2 dagger of venom
 b - a +2 morningstar of flaming
 m - a +3 quarterstaff of chaos
 T - a +5 sling of freezing
Missiles
 g - 121 stones
 p - 22 poisoned darts (quivered)
 D - 5 boomerangs
 G - 3 datura-tipped darts
 P - 3 silver javelins
Armour
 u - a +0 cloak
 z - an orb of wrath
 B - a +0 pair of boots
 N - a +0 plate armour of positive energy
 V - a +2 pair of gloves
 W - the +7 plate armour of Insecurity (worn) {-Tele Regen+ rCorr Stlth+}
   (You bought it in a shop on level 4 of the Dungeon)

   -Tele:     It prevents most forms of teleportation.
   Regen+:    It increases your rate of health regeneration.
   rCorr:     It protects you from acid and corrosion.
   Stlth+:    It makes you more stealthy.
Magical Staves
 n - a staff of alchemy
 o - a staff of fire
Jewellery
 j - the ring of Vaneshriq (right hand) {Dex+6 Slay+2 SInv}
   (You acquired it on level 3 of the Dungeon)

   [ring of dexterity]

   Dex+6:     It affects your dexterity (+6).
   Slay+2:    It affects your accuracy & damage with ranged weapons and melee
   (+2).
   SInv:      It lets you see invisible.
 k - an amulet of regeneration (around neck)
 s - an amulet of magic regeneration
 A - a +6 ring of dexterity (left hand)
 L - an amulet of the acrobat
Talismans
 c - a beast talisman (active)
 d - a flux talisman
Wands
 h - a wand of paralysis (5)
 i - a wand of acid (4)
 w - a wand of flame (13)
 E - a wand of mindburst (7)
 J - a wand of polymorph (8)
Scrolls
 e - 2 scrolls of immolation
 f - 2 scrolls of amnesia
 l - a scroll of revelation
 y - 4 scrolls of identify
 I - 2 scrolls of teleportation
 M - a scroll of fog
 Q - a scroll of blinking
 S - a scroll of poison
Potions
 q - 2 potions of magic
 r - 2 potions of brilliance
 t - 5 potions of curing
 x - a potion of enlightenment
 F - a potion of berserk rage
 H - 4 potions of lignification
 R - 3 potions of heal wounds
 U - a potion of mutation
 X - a potion of cancellation


   Skills:
 * Level 8.4 Fighting
 * Level 7.5 Armour
 - Level 3.0 Dodging
 * Level 8.2 Unarmed Combat
 * Level 7.2 Shapeshifting


You had 9 spell levels left.
You didn't know any spells.
Your spell library contained the following spells:

 Spells                   Type           Power      Damage    Failure   Level
 Magic Dart               Conj           0%         1d3       100%        1
 Sandblast                Erth           0%         2d4       100%        1
 Blink                    Tloc           0%         N/A       100%        2
 Call Imp                 Summ           0%         N/A       100%        2
 Sublimation of Blood     Necr           0%         N/A       100%        2
 Passwall                 Erth           0%         N/A       100%        3
 Stone Arrow              Conj/Erth      0%         3d7       100%        3
 Brom's Barrelling Bould  Conj/Erth      0%         2d3       100%        4
 Summon Hydra             Summ           0%         N/A       100%        7


Dungeon Overview and Level Annotations

Branches:
Dungeon (11/15)            Temple (0/1) D:7            Lair (0/5) D:8
    Orc: D:9-12

Altars:
Gozag
Hepliaklqana
Nemelex Xobeh
Qazlal
Sif Muna
Uskayaw
Vehumet

Shops:
D:3 !   D:4 [   D:9 =


Innate Abilities, Weirdness & Mutations

You are a hulking beast.
Your limbs bulge with bestial killing power. (Slay +4)
You have a pair of antennae on your head.
You are mostly covered in large bone plates. (SH +6)
You sometimes gain power by taking damage.
A meltable shield of frost defends you. (SH +0)
Your flesh is cold resistant. (rC+)
You occasionally shout uncontrollably at your foes.


Message History

You hit the red ugly thing.
The red ugly thing is moderately wounded.
The red ugly thing tail-slaps you!
You are engulfed in flames!!
Your condensation shield dissipates!
You hit the red ugly thing.
The red ugly thing is moderately wounded.
The red ugly thing tail-slaps you.
You are engulfed in flames!
You barely miss the red ugly thing.
The red ugly thing is moderately wounded.
You barely miss the red ugly thing.
The red ugly thing is moderately wounded.
The red ugly thing tail-slaps you but does no damage.
You pummel the red ugly thing!!
The red ugly thing is severely wounded.
You block the red ugly thing's attack.
You closely miss the red ugly thing.
The red ugly thing is severely wounded.
The red ugly thing closely misses you.
You closely miss the red ugly thing.
The red ugly thing is severely wounded.
The red ugly thing tail-slaps you but does no damage.
You hit the red ugly thing. You punch the red ugly thing!
The red ugly thing is almost dead.
You closely miss the red ugly thing.
The red ugly thing is almost dead.
The red ugly thing closely misses you.
You punch the red ugly thing!
The red ugly thing is almost dead.
The red ugly thing tail-slaps you!
You are engulfed in flames!
* * * LOW HITPOINT WARNING * * *
You hit the red ugly thing.
The red ugly thing is almost dead.
The red ugly thing tail-slaps you but does no damage.
You barely miss the red ugly thing.
The red ugly thing is almost dead.
The red ugly thing tail-slaps you!
* * * LOW HITPOINT WARNING * * *
You are engulfed in flames!
You die...
Your body crumbles into a pile of gold.

...# ##..####...###..
#.#.##....##...##...#
....................##
.....................##
......................#####
...........####...........#
#.u......#..............
........##u.......##.....?.
........##h.....###........
........###....###.....#..#
....#..##.....###...####..#
.......#.......#...## #..#
...........?......## #.#
..............#..## #.#
........###^.## #.#
........# ##..## #.#
........# #....#####.##


You could see a red ugly thing.

Vanquished Creatures
  A two-headed ogre (D:10)
  Joseph (D:9)
  Maggie (D:6)
  Grinder (D:4)
  A vampire (D:9)
  A shadow (D:9)
  6 yaks (D:10)
  2 wyverns (D:10)
  Eustachio (D:6)
  A steam dragon (D:9)
  3 vampire mosquitoes (D:8)
  Edmund (D:5)
  2 water moccasins (D:6)
  3 orc warriors
  An ice beast (D:6)
  2 centaurs
  2 ogres (D:7)
  2 phantoms
  2 kobold brigands (D:10)
  A bullfrog (D:9)
  A gnoll sergeant (D:10)
  19 wights
  5 howler monkeys
  A bombardier beetle (D:3)
  A jelly (D:5)
  4 orc priests
  A hound (D:6)
  A sleepcap (D:6)
  Crazy Yiuf (D:5)
  A human skeleton (D:4)
  6 iguanas
  Natasha (twice) (D:2)
  8 orc wizards
  7 adders
  8 gnolls
  A shadow imp (D:6)
  A white imp (D:6)
  4 ufetubi
  2 dart slugs
  2 ribbon worms (D:2)
  31 orcs
  6 bats
  7 endoplasms
  2 giant cockroaches
  10 goblins
  4 hobgoblins
  8 jackals
  2 quokkas (D:2)
  7 ball pythons
  4 frilled lizards
  A jackal skeleton (D:4)
  14 kobolds
  6 rats
213 creatures vanquished.

Notes
Turn   | Place    | Note
-------+----------+-------------------------------------------
     0 | D:1      | Chiseanne the Demonspawn Shapeshifter began the quest for
                  | the Orb.
     0 | D:1      | Reached XP level 1. HP: 15/15 MP: 1/1
   187 | D:1      | Gained mutation: You sometimes gain a little power by
                  | taking damage. [demonic ancestry]
   187 | D:1      | Reached XP level 2. HP: 21/21 MP: 2/2
   856 | D:2      | Reached skill level 1 in Armour
   856 | D:2      | Gained mutation: A meltable shield of frost defends you.
                  | (SH +0) [demonic ancestry]
   856 | D:2      | Reached XP level 3. HP: 26/26 MP: 3/3
  1341 | D:2      | Noticed Natasha
  1349 | D:2      | Killed Natasha
  1350 | D:2      | Gained mutation: You have a pair of small antennae on your
                  | head. [demonic ancestry]
  1350 | D:2      | Reached XP level 4. HP: 19/33 MP: 4/4
  1450 | D:2      | Noticed Natasha
  1460 | D:2      | Killed Natasha
  2061 | D:3      | Gained mutation: You are partially covered in large bone
                  | plates. (SH +4) [demonic ancestry]
  2061 | D:3      | Reached XP level 5. HP: 39/39 MP: 5/5
  2195 | D:3      | Found a hide-covered altar of Uskayaw.
  2204 | D:3      | Found Yzyi's Distillery.
  2459 | D:3      | HP: 1/39 [burnt (3)]
  2583 | D:3      | Found an opulent altar of Gozag.
  2592 | D:3      | Became a worshipper of Gozag Ym Sagoz the Greedy
  2650 | D:3      | Identified 3 scrolls of acquirement
  2650 | D:3      | Acquired the ring of Vaneshriq {Dex+6 Slay+2 SInv}
  2668 | D:3      | Acquired 806 gold pieces
  2670 | D:3      | Acquired a manual of Translocations
  2734 | D:3      | Bought a potion of curing for 39 gold pieces
  2734 | D:3      | Bought a potion of degeneration for 13 gold pieces
  2734 | D:3      | Bought a potion of enlightenment for 65 gold pieces
  2921 | D:4      | Noticed a phantom
  2936 | D:4      | Killed a phantom
  2937 | D:4      | Reached XP level 6. HP: 47/47 MP: 6/6
  3100 | D:4      | Noticed Edmund
  3103 | D:4      | Gained mutation: You occasionally shout uncontrollably at
                  | your foes. [potion of mutation]
  3103 | D:4      | Gained mutation: Your flesh is cold resistant. (rC+)
                  | [potion of mutation]
  3132 | D:4      | Noticed Grinder
  3151 | D:5      | Entered Level 5 of the Dungeon
  3411 | D:5      | Found a shimmering blue altar of Sif Muna.
  3455 | D:5      | Found a runed translucent door.
  3456 | D:5      | Noticed Crazy Yiuf
  3464 | D:5      | Killed Crazy Yiuf
  3644 | D:5      | Found a hazy altar of Hepliaklqana.
  3910 | D:5      | Gained mutation: You have a pair of antennae on your head.
                  | [demonic ancestry]
  3910 | D:5      | Reached XP level 7. HP: 52/53 MP: 7/7
  4096 | D:6      | Noticed Maggie
  4116 | D:6      | Killed Maggie
  4203 | D:6      | Noticed Eustachio
  4224 | D:6      | Killed Eustachio
  4225 | D:6      | Reached skill level 5 in Unarmed Combat
  4225 | D:6      | Reached XP level 8. HP: 61/61 MP: 8/8
  4312 | D:6      | Reached skill level 5 in Fighting
  4918 | D:7      | Found a radiant altar of Vehumet.
  5182 | D:7      | Found a staircase to the Ecumenical Temple.
  5192 | D:7      | Reached skill level 5 in Armour
  5194 | D:7      | Reached skill level 5 in Shapeshifting
  5295 | D:7      | Gained mutation: You sometimes gain power by taking damage.
                  | [demonic ancestry]
  5295 | D:7      | Reached XP level 9. HP: 41/69 MP: 9/9
  5497 | D:7      | Found a sparkling altar of Nemelex Xobeh.
  5824 | D:8      | Found a staircase to the Lair.
  5921 | D:8      | Identified the +4 sling of Luirome {flame, ^Fragile rElec
                  | Int+3}
  7093 | D:5      | Killed Edmund
  7094 | D:5      | Gained mutation: You are mostly covered in large bone
                  | plates. (SH +6) [demonic ancestry]
  7094 | D:5      | Reached XP level 10. HP: 79/79 MP: 10/10
  7142 | D:4      | Paralysed by Grinder for 4 turns
  7148 | D:4      | Killed Grinder
  7220 | D:4      | You fall into a shaft and drop 2 floors!
  7319 | D:3      | Bought a potion of heal wounds for 65 gold pieces
  7319 | D:3      | Bought a potion of heal wounds for 65 gold pieces
  7319 | D:3      | Bought a potion of heal wounds for 65 gold pieces
  7319 | D:3      | Bought a potion of curing for 39 gold pieces
  7356 | D:4      | Bought a fine chain mail for 323 gold pieces
  7356 | D:4      | Identified the +0 chain mail of Witen {Harm Str-5 Int-3
                  | Dex+8} (You bought it in a shop on level 4 of the Dungeon)
  7359 | D:4      | Chiseanne: stupid fuckers
  7585 | D:9      | Found Qyhut Vusyen's Jewellery Shoppe.
  7959 | D:9      | Noticed Joseph
  7977 | D:9      | Killed Joseph
  8199 | D:10     | Entered Level 10 of the Dungeon
  8505 | D:10     | Noticed a two-headed ogre
  8522 | D:10     | Killed a two-headed ogre
  8877 | D:10     | Found a stormy altar of Qazlal.
  9298 | D:4      | Bought a transparent plate armour for 952 gold pieces
  9298 | D:4      | Identified the +7 plate armour of Insecurity {-Tele Regen+
                  | rCorr Stlth+} (You bought it in a shop on level 4 of the
                  | Dungeon)
  9756 | D:11     | Noticed a red ugly thing
  9778 | D:11     | Slain by a red ugly thing

Illustrated notes

Levels and vault maps discovered:
D:1:      dpeg_arrival_arbitrary_c, layout_loops_ring
D:2:      layout_basic, uniq_natasha
D:3:      layout_basic, mainiacjoe_overflow_surrounded_room,
          nicolae_uskayaw_murder_on_the_dancefloor, serial_shops,
          nicolae_shop_window_shopping
D:4:      layout_cave_pools, xom_butterflies, dk_yredelemnul_ordeal,
          uniq_edmund, uniq_grinder
D:5:      layout_loops_ring, worldfamousw_hep_ancestral_shrine,
          nicolae_overflow_hidden_temple, uniq_crazy_yiuf_cottage
D:6:      layout_basic, uniq_maggie, uniq_eustachio
D:7:      layout_loops_ring, vehumet_crystals, nemelex_dance_club_becter,
          minmay_temple_entry_proselytizer, st_stairs_3
D:8:      layout_layer_cave, lair_entry_dummy, chequers_serial_rivers_micro_b
D:9:      layout_loops_ring, serial_shops, shop, kb_lookout_dungeons_type,
          uniq_joseph
D:10:     layout_stronghold, mainiacjoe_overflow_paths
D:11:     layout_layer_cave, hiddenorc1_lemuel, serial_shops, shop, uniq_harold,
          uniq_erolcha

Skill      XL: |  1  2  3  4  5  6  7  8  9 10 |
---------------+-------------------------------+-----
Dodging        | 2 3 |  3.0
Armour         | 1 2 3 4 5 6 7 |  7.5
Unarmed Combat | 3 4 5 6 7 8 |  8.2
Fighting       | 2 3 4 5 7 8 |  8.4
Shapeshifting  | 3 4 5 6 7 |  7.2

Action                     |  1- 3 |  4- 6 |  7- 9 | 10-12 || total
---------------------------+-------+-------+-------+-------++-------
  Melee: Unarmed           |   115 |   242 |   342 |   198 ||   897
         Punch             |     2 |     5 |    16 |    14 ||    37
  Throw: Dart              |       |       |    11 |     4 ||    15
 Invoke: Call Merchant     |       |     1 |       |       ||     1
  Evoke: Wand              |       |     2 |       |       ||     2
    Use: Scroll            |     6 |    10 |     4 |     1 ||    21
         Potion            |       |     4 |     2 |       ||     6
   Stab: Sleeping          |       |       |     1 |       ||     1
         Distracted        |       |       |     2 |     2 ||     4
 Armour: Ring mail         |    45 |   102 |   102 |       ||   249
         Skin              |       |       |    10 |       ||    10
         Plate armour      |       |       |    52 |   124 ||   176
  Dodge: Dodged            |    55 |   121 |   152 |    35 ||   363
  Block: Other             |     6 |    75 |   113 |    66 ||   260
   Form: Beast             |     1 |       |       |       ||     1
